 Dungeon Crawl Stone Soup version 0.19.0-11-g3fc08b3 (webtiles) character file.

371 Jarno the Cudgeler (level 6, -4/37 HPs)
             Began as a Gargoyle Gladiator on Nov 9, 2016.
             Was an Initiate of Ru.
             Killed by divine providence
             ... invoked by an orc priest
              (11 damage)
             ... on level 5 of the Dungeon.
             The game lasted 00:16:01 (4404 turns).

Jarno the Cudgeler (Gargoyle Gladiator)             Turns: 4404, Time: 00:16:01

Health: -4/37      AC: 15    Str: 18    XL:     6   Next: 70%
Magic:  6/6        EV:  8    Int:  9    God:    Ru [......]
Gold:   282        SH:  0    Dex: 12    Spells: 0 memorised, 5 levels left

rFire  . . .     SeeInvis .     a - +0 flail
rCold  . . .     Gourm    .     B - +0 chain mail (curse)
rNeg   + . .     Faith    .     (no shield)
rPois  ∞         Spirit   .     c - +0 helmet
rElec  +         Reflect  .     p - +0 cloak
rCorr  .         Harm     .     (no gloves)
MR     .....                    (no boots)
Stlth  ..........               (no amulet)
                                (no ring)
                                w - ring of stealth

@: drained
A: negative energy resistance 1, electricity resistance, unbreathing,
petrification resistance, rot immunity, AC +4
a: Renounce Religion


You were on level 5 of the Dungeon.
You worshipped Ru.
Ru was noncommittal.
You were not hungry.

You visited 1 branch of the dungeon, and saw 5 of its levels.

You collected 282 gold pieces.

Inventory:

Hand Weapons
 a - a +0 flail (weapon)
 b - a +0 hunting sling
 i - a -2 blowgun
Missiles
 d - 2 throwing nets
 j - 168 stones (quivered)
 k - 10 poisoned needles
 q - 5 tomahawks
Armour
 c - a +0 helmet (worn)
 o - a +0 ring mail
 p - a +0 cloak (worn)
 B - a cursed +0 chain mail (worn)
 C - a +3 ring mail
Jewellery
 w - a ring of stealth (left hand)
Wands
 m - a wand of iceblast (2/15)
Scrolls
 e - 2 scrolls of identify
 g - a scroll of blinking {unknown}
 l - 3 scrolls of teleportation
 s - a scroll of magic mapping
 u - a scroll of enchant armour {unknown}
 v - 2 scrolls of enchant weapon {unknown}
 x - a scroll of recharging
 y - a scroll of amnesia {unknown}
 A - 3 scrolls of fog
Potions
 n - 2 potions of lignification
 t - a potion of curing
 z - a potion of haste
 D - a potion of cure mutation
Comestibles
 f - 3 bread rations
 h - 7 fruits
 r - a meat ration
 E - a chunk of flesh


   Skills:
 + Level 3.5(3.3) Fighting
 + Level 5.4(5.2) Maces & Flails
 - Level 1.7(1.6) Throwing
 + Level 2.8(2.6) Armour
 + Level 3.3(3.2) Dodging
 + Level 0.3(0.1) Evocations


You had 5 spell levels left.
You didn't know any spells.

Dungeon Overview and Level Annotations

Branches:
Dungeon (5/15)
 Temple: D:4-7

Altars:
Fedhas
Ru
Sif Muna
Xom

Annotations:
D:3 Natasha


Innate Abilities, Weirdness & Mutations

You are resistant to torment.
Your stone body is resilient. (AC +4)
You are immune to poison.
You resist negative energy. (rN+)
You are resistant to electric shocks. (rElec)
You can survive without breathing.
You are immune to petrification.
You are immune to rotting.


Message History

The hound bites you but does no damage.
An orc wizard comes into view. It is wielding a dagger.
The orc wizard shouts!
You hear a shout! x2
An orc priest comes into view.
The hound bites you but does no damage.
There is an open door here.
The phantom blinks!
The hound bites you but does no damage.
An orc wizard comes into view. It is wielding an enchanted dagger.
The orc wizard shouts!
The hound pauses to sniff the ground.
The orc priest invokes the aid of Beogh against you.
Beogh smites you!
* * * LOW HITPOINT WARNING * * *
The orc wizard points at you and mumbles some strange words.
The magic dart hits you! The hound bites you but does no damage.
An orc comes into view.
It is wielding a falchion of holy wrath.
The orc priest calls down the wrath of Beogh upon you.
Beogh smites you!
You die...

#.....# #.###.....#
#.<...####.# #.....#
#..........# #.#.#.#
#.....####....##.#.#
#.....# #.#####.#.#
###.### #.........#
#.# ######...## #.####
##h....## #.##.##
##...@<..#
###.#...####.........#
........W.Wo.........+
###.#...##.#..o......#
####.###.##..o....##
### #.###..o..## #.#
##..>## ... .#+## #.#


You could see a phantom, a hound, an orc priest, 2 orc wizards and an orc.

Vanquished Creatures
  A big kobold (D:4)
  An iguana (D:5)
  Natasha (twice) (D:2)
  An orc wizard (D:3)
  A worker ant (D:4)
  4 gnolls
  5 adders
  A shadow imp (D:5)
  2 worms (D:2)
  2 leopard geckos
  6 orcs
  5 giant cockroaches
  7 goblins
  8 hobgoblins
  2 jackals (D:4)
  A quokka (D:2)
  A ball python (D:2)
  4 bats
  4 frilled lizards
  A jackal skeleton (D:4)
  11 kobolds
  A leopard gecko skeleton (D:4)
  8 rats
79 creatures vanquished.

Notes
Turn   | Place    | Note
-------+----------+-------------------------------------------
     0 | D:1      | Jarno the Gargoyle Gladiator began the quest for the Orb.
     0 | D:1      | Reached XP level 1. HP: 12/12 MP: 1/1
   202 | D:1      | Reached XP level 2. HP: 15/18 MP: 2/2
   753 | D:2      | Reached XP level 3. HP: 21/22 MP: 3/3
  1279 | D:2      | Found a deep blue altar of Sif Muna.
  1346 | D:2      | Reached skill level 1 in Armour
  1346 | D:2      | Reached XP level 4. HP: 27/27 MP: 4/4
  1400 | D:2      | Noticed Natasha
  1409 | D:2      | Killed Natasha
  1409 | D:2      | Reached skill level 4 in Maces & Flails
  1764 | D:3      | Reached XP level 5. HP: 19/32 MP: 5/5
  2031 | D:2      | Noticed Natasha
  2051 | D:2      | Killed Natasha
  2947 | D:3      | Found a sacrificial altar of Ru.
  3093 | D:3      | Became a worshipper of Ru the Awakened
  3351 | D:3      | Reached XP level 6. HP: 31/37 MP: 6/6
  3563 | D:4      | Found a blossoming altar of Fedhas.
  3564 | D:4      | Noticed Natasha
  3575 | D:4      | Reached skill level 5 in Maces & Flails
  3745 | D:4      | Found a shimmering altar of Xom.
  4296 | D:5      | Entered Level 5 of the Dungeon
  4348 | D:5      | Noticed a phantom
  4404 | D:5      | Killed from afar by an orc priest

Skill      XL: |  1  2  3  4  5  6 |
---------------+-------------------+-----
Armour         | 1 2 |  2.8
Maces & Flails | 4 5 |  5.4
Dodging        | 3 |  3.3
Fighting       | 3 |  3.5
Throwing       | |  1.7
Evocations     | |  0.3

Action                   |  1- 3 |  4- 6 || total
-------------------------+-------+-------++-------
Melee: Flail             |   101 |   236 ||   337
 Fire: Blowgun           |       |    26 ||    26
Throw: Throwing net      |       |     6 ||     6
       Stone             |       |    24 ||    24
       Tomahawk          |       |     5 ||     5
Evoke: Wand              |       |     3 ||     3
  Use: Scroll            |     2 |    14 ||    16
       Potion            |       |     1 ||     1
 Stab: Distracted        |       |     1 ||     1
  Eat: Chunk             |     1 |     8 ||     9
       Fruit             |       |     3 ||     3
Armor: Leather armour    |    12 |       ||    12
       Ring mail         |    45 |   149 ||   194
       Chain mail        |       |    25 ||    25
Dodge: Dodged            |    85 |   172 ||   257
